 Dungeon Crawl Stone Soup version 0.21.1-1-g345015fe64 (webtiles) character file.

262 Eurus the Grasshopper (level 6, -3/56 HPs)
             Began as a Naga Warper on June 23, 2018.
             Slain by Grinder (6 damage)
             ... on level 4 of the Dungeon.
             The game lasted 00:23:04 (4290 turns).

Eurus the Grasshopper (Naga Warper)                 Turns: 4290, Time: 00:23:05

Health: -3/56      AC:  9    Str: 13    XL:     6   Next: 18%
Magic:  16/20      EV:  8    Int: 16    God:
Gold:   178        SH:  0    Dex: 10    Spells: 1/11 levels left

rFire    . . .     SeeInvis +   a - +0 spear
rCold    . . .     Gourm    .   (no shield)
rNeg     . . .     Faith    .   p - +0 robe
rPois    +         Spirit   .   s - +2 hat
rElec    .         Reflect  .   (no cloak)
rCorr    .         Harm     .   (no gloves)
MR       .....                  q - +0 naga barding
Stlth    +.........             j - amulet of regeneration
HPRegen  0.58/turn              h - ring of magical power
MPRegen  0.17/turn              (no ring)

@: very slow
A: large, see invisible, deformed body, poison resistance, slowness 2, slow
metabolism 1, spit poison 1, AC +2
a: Spit Poison


You were on level 4 of the Dungeon.
You were not hungry.

You visited 1 branch of the dungeon, and saw 4 of its levels.

You collected 178 gold pieces.

Inventory:

Hand Weapons
 a - a +0 spear (weapon)
Missiles
 e - 5 tomahawks of dispersal (quivered)
 x - 8 tomahawks
Armour
 p - a +0 robe (worn)
 q - a +0 naga barding (worn)
 s - a +2 hat (worn)
Magical Staves
 v - an uncursed staff of air
Jewellery
 b - an uncursed amulet of guardian spirit {unknown}
 h - a ring of magical power (left hand)
 j - an amulet of regeneration (around neck)
Scrolls
 d - 2 scrolls of blinking
 m - a scroll of magic mapping {unknown}
 n - a scroll of teleportation {unknown}
 u - a scroll of remove curse {unknown}
 y - a scroll of identify
 B - a scroll of immolation {unknown}
Potions
 g - a potion of degeneration {unknown}
 i - a potion of curing
 k - 2 potions of flight
 l - a potion of lignification {unknown}
 o - a potion of ambrosia
 r - a potion of resistance {unknown}
 t - a potion of might {unknown}
 w - a potion of cancellation {unknown}
 A - a potion of brilliance {unknown}
Books
 c - a book of Spatial Translocations

   Spells                             Type                      Level
   a - Blink                          Translocation                2
   b - Shroud of Golubria             Charms/Translocation         2
   c - Lesser Beckoning               Translocation                3
   d - Gell's Gravitas                Translocation                3
   e - Teleport Other                 Translocation                3
   f - Passage of Golubria            Translocation                4
Comestibles
 f - 10 rations
 z - a chunk of flesh


   Skills:
 + Level 3.5 Fighting
 + Level 3.5 Polearms
 - Level 0.8 Throwing
 - Level 0.7 Armour
 - Level 1.5 Dodging
 + Level 3.4 Spellcasting
 + Level 4.1 Translocations


You had one spell level left.
You knew the following spells:

 Your Spells              Type           Power        Failure   Level  Hunger
a - Blink                 Tloc           N/A          4%          2    ##.....
b - Gell's Gravitas       Tloc           ###.......   10%         3    ###....
c - Teleport Other        Tloc           ###.....     10%         3    ###....
d - Shroud of Golubria    Chrm/Tloc      #.........   12%         2    ##.....


Dungeon Overview and Level Annotations

Branches:
Dungeon (4/15)
 Temple: D:4-7

Altars:
Elyvilon

Annotations:
D:3 Jyngge's ghost, amateur MiFi
D:4 1 runed door, exclusion: door, Grinder


Innate Abilities, Weirdness & Mutations

You cannot wear boots.
Your serpentine skin is tough. (AC +2)
You have supernaturally acute eyesight. (SInv)
Armour fits poorly on your strangely shaped body.
Your system is resistant to poisons. (rPois)
You cover ground very slowly.
You have a slow metabolism.
You can spit poison.


Message History

Confirm with . or Enter, or press ? or * to list all spells.
You blink.
Grinder gestures at you. Pain shoots through your body!
Grinder gestures at you. Pain shoots through your body!
* * * LOW HITPOINT WARNING * * *
Casting: Blink
Confirm with . or Enter, or press ? or * to list all spells.
Aiming: Gell's Gravitas
Press: ? - help, Dir - move target cursor, f/p - Grinder
Aim: Grinder (heavily wounded) Gravity reorients around Grinder.
The jackal collides with Grinder!
The jackal collides with the jackal!
Grinder drinks a potion.
Grinder is healed!
Grinder blinks!
Grinder hits you!
* * * LOW HITPOINT WARNING * * *
You writhe in agony.
You die...

.......♣..♣# .#....♣.♣♣♣
####♣♣♣♣♣ # ###############
.'............#
##............####+##
......#########.....####.#.#.
.###............@h...........
.##.............5.§..###.##.#
.##.>........##...h..#
.##.#.##...#..######.#
....#..+...+.... #.#
########...##.#.# #.#
......##...# ...# #.#
#####.##...# #..# #.#
###'##...# ..# #.#


You could see Grinder and 2 jackals.

Vanquished Creatures
  An orc priest (D:2)
  An orc wizard (D:2)
  A worker ant (D:4)
  8 adders
  An adder skeleton (D:4)
  A worm (D:3)
  3 dart slugs
  5 leopard geckos
  8 orcs
  2 ball pythons (D:1)
  4 giant cockroaches
  8 goblins
  8 hobgoblins
  3 jackals
  10 kobolds
  4 quokkas
  4 bats
  5 frilled lizards
  8 rats
85 creatures vanquished.

Notes
Turn   | Place    | Note
-------+----------+-------------------------------------------
     0 | D:1      | Eurus the Naga Warper began the quest for the Orb.
     0 | D:1      | Reached XP level 1. HP: 19/19 MP: 3/3
   197 | D:1      | Reached XP level 2. HP: 4/26 MP: 5/5
   464 | D:1      | Learned a level 2 spell: Blink
  1263 | D:1      | Reached XP level 3. HP: 33/33 MP: 6/6
  2195 | D:2      | Reached XP level 4. HP: 26/40 MP: 8/8
  2258 | D:2      | Found a white marble altar of Elyvilon.
  2776 | D:3      | Noticed Jyngge's ghost (amateur MiFi)
  3078 | D:2      | Reached XP level 5. HP: 48/49 MP: 9/9
  3083 | D:2      | Learned a level 3 spell: Gell's Gravitas
  3087 | D:2      | Learned a level 3 spell: Teleport Other
  3090 | D:2      | Learned a level 2 spell: Shroud of Golubria
  3874 | D:4      | Noticed Grinder
  3932 | D:4      | Reached skill level 4 in Translocations
  3954 | D:4      | Reached XP level 6. HP: 56/56 MP: 10/10
  4136 | D:4      | Found a runed door.
  4265 | D:4      | Paralysed by Grinder for 4 turns
  4290 | D:4      | Slain by Grinder

Skill      XL: |  1  2  3  4  5 |
---------------+----------------+-----
Fighting       | 3 |  3.5
Polearms       | 3 |  3.5
Spellcasting   | 3 |  3.4
Translocations | 4 |  4.1
Throwing       | |  0.8
Armour         | |  0.7
Dodging        | |  1.5

Action                   |  1- 3 |  4- 6 || total
-------------------------+-------+-------++-------
Melee: Spear             |   174 |   366 ||   540
 Cast: Blink             |       |     7 ||     7
       Teleport Other    |       |     3 ||     3
       Gell's Gravitas   |       |     2 ||     2
  Use: Scroll            |     3 |     1 ||     4
       Potion            |       |     2 ||     2
  Eat: Chunk             |     2 |     8 ||    10
Armor: Leather armour    |    18 |       ||    18
       Robe              |    21 |   151 ||   172
       Skin              |    15 |       ||    15
Dodge: Dodged            |    77 |   127 ||   204
